 Dungeon Crawl Stone Soup version 0.27-a0-1119-gbf574a6a6b (webtiles) character file.

Game seed: 17967485783304894040

7 Zeld the Shield-Bearer (level 2, -1/21 HPs)
             Began as an Octopode Fighter on May 2, 2021.
             Killed from afar by a dart slug (6 damage)
             ... with a slug dart
             ... on level 3 of the Dungeon.
             The game lasted 00:00:22 (157 turns).

Zeld the Shield-Bearer (Octopode Fighter)            Turns: 157, Time: 00:00:23

Health: -1/21      AC:  1    Str: 15    XL:     2   Next: 0%
Magic:  2/2        EV: 11    Int: 10    God:
Gold:   14         SH:  8    Dex: 11    Spells: 1/1 levels left

rFire    . . .     SeeInvis .   a - +0 war axe
rCold    . . .     Faith    .   b - +0 kite shield
rNeg     . . .     Spirit   .   (helmet restricted)
rPois    .         Reflect  .   (no amulet)
rElec    .         Harm     .   (no ring)
rCorr    .         Rampage  .   (no ring)
Will     .....                  (no ring)
Stlth    ++........             (no ring)
HPRegen  0.07/turn              (no ring)
MPRegen  0.08/turn              (no ring)
                                (no ring)
                                (no ring)

@: no status effects
A: almost no armour, amphibious, 8 rings, camouflage 1, gelatinous body 1,
(nimble swimmer 1), tentacles
a: no special abilities


You were on level 3 of the Dungeon.
You visited 1 branch of the dungeon, and saw 3 of its levels.

You collected 14 gold pieces.

Inventory:

Hand Weapons
 a - a +0 war axe (weapon)
Armour
 b - a +0 kite shield (worn)
Scrolls
 d - a scroll of identify {unknown}
 e - a scroll of enchant armour {unknown}
 f - a scroll of teleportation {unknown}
Potions
 c - a potion of might


   Skills:
 * Level 3.1 Fighting
 * Level 2.2 Axes
 - Level 3.0 Dodging
 * Level 3.1 Shields


You had one spell level left.
You didn't know any spells.
Your spell library was empty.

Dungeon Overview and Level Annotations

Branches:
Dungeon (3/15)

Altars:


Innate Abilities, Weirdness & Mutations

You cannot wear most types of armour.
You are amphibious.
You can wear up to eight rings at the same time.
Your skin changes colour to match your surroundings (Stealth+).
Your rubbery body absorbs attacks. (AC +1, EV +1)
((You are camouflaged near water. (Stealth+)))
You have tentacles for arms and can constrict up to eight enemies at once.


Message History

You constrict the ball python. The ball python bites you.
The ball python constricts you. The ball python bites you.
The ball python constricts you.
You slash the ball python!
You kill the ball python!
You hit the goblin but do no damage. You block the goblin's attack. x2
You closely miss the goblin. Your grab misses the goblin.
You squeeze the goblin.
You kill the goblin!
You have reached level 2!
There is a stone staircase leading down here.
You climb downwards.
A kobold and a dart slug come into view.
The kobold shouts!
Found 15 gold pieces, a scroll labelled KUFRAY FETECS and a pair of gloves.
Found an escape hatch in the ceiling.
There is a stone staircase leading up here.
The dart slug launches a dart at you. The slug dart hits you!
* * * LOW HITPOINT WARNING * * *
You are too injured to fight recklessly!
You are too injured to fight recklessly!
You are too injured to fight recklessly!
The kobold hits you but does no damage. The dart slug barely misses you.
Found a bronze wand.
You hit the dart slug. Your grab misses the dart slug.
You squeeze the dart slug.
The dart slug is moderately wounded.
You closely miss the kobold. The kobold closely misses you.
The dart slug launches a dart at you. The slug dart misses you.
Unknown command.
You hit the dart slug but do no damage. You grab the dart slug.
The dart slug is moderately wounded.
You hit the kobold.
You kill the kobold!
You constrict the dart slug. The dart slug launches a dart at you.
The slug dart hits you.
You die...

...........
.....[......
...........
..........#
....?...$.##
...........#
........<#
.........#
.....<)@.#
.......w.#
#######.../
######


You could see a dart slug.

Vanquished Creatures
  A bat (D:1)
  A hobgoblin (D:1)
  A kobold (D:3)
  A quokka (D:1)
  3 ball pythons
  A goblin (D:2)
8 creatures vanquished.

Notes
Turn   | Place    | Note
-------+----------+-------------------------------------------
     0 | D:1      | Zeld the Octopode Fighter began the quest for the Orb.
     0 | D:1      | Reached XP level 1. HP: 16/16 MP: 1/1
    23 | D:1      | Found a faded altar of an unknown god.
   149 | D:2      | Reached XP level 2. HP: 12/21 MP: 2/2
   157 | D:3      | Killed from afar by a dart slug

Illustrated notes

Levels and vault maps discovered:
D:1:      lordsloth_arrival_two_stooges, layout_basic, basic_ecumenical_altar,
          hangedman_decor_growths
D:2:      layout_basic, guppyfry_early_lair_pool
D:3:      layout_rooms, chequers_garden

Action                   || total
-------------------------++-------
Melee: War axe           ||    11
       Constrict         ||     3
       Tentacles         ||     2
 Stab: Sleeping          ||     2
Armor: Skin              ||     1
Dodge: Dodged            ||    11
Block: Kite shield       ||     4

Table legend: (Time is in decaauts)
 A = Elapsed time spent in this place.
 B = Non-inter-level travel time spent in this place.
 C = Inter-level travel time spent in this place.
 D = Time resting spent in this place.
 E = Time spent auto-exploring this place.
 F = Levels seen in this place.
 G = Mean time per level.
                   A        B        C        D        E       F      G
               +--------+--------+--------+--------+--------+-----+--------+
         Total |    162 |    162 |      0 |      0 |     98 |   3 |   54.0 |
       Dungeon |    162 |    162 |      0 |      0 |     98 |   3 |   54.0 |
               +--------+--------+--------+--------+--------+-----+--------+

Top non-repeatable levels by time:
     D:2: 93 daAuts
     D:1: 63 daAuts
     D:3: 5 daAuts
